 Dungeon Crawl Stone Soup version 0.30-a0-1082-g70414cbcbb (webtiles) character file.

Game seed: 1029564972709501693

13605 bande the Protected (level 12, -3/77 HPs)
             Began as a Gargoyle Fighter on Apr 16, 2023.
             Was an Elder of Okawaru.
             Slain by a hell knight
             ... wielding a +2 halberd of flaming
              (21 damage)
             ... in a volcano.
             The game lasted 00:22:42 (11845 turns).

bande the Protected (Gargoyle Fighter)             Turns: 11845, Time: 00:22:42

Health: -3/77      AC: 27    Str: 20    XL:     12   Next: 7%
Magic:  15/15      EV:  6    Int: 12    God:    Okawaru [****..]
Gold:   997        SH: 11    Dex: 13    Spells: 11/11 levels left

rFire   . . .      SeeInvis .    C - +6 war axe "Cinurgh" {flame, Int+2}
rCold   . . .      Faith    .    c - +0 buckler
rNeg    + . .      Spirit   .    F - +0 plate armour
rPois   ∞          Reflect  +    (no helmet)
rElec   +          Rampage  .    t - +0 cloak
rCorr   +                        b - +1 pair of gloves
Will    +....                    (no boots) Stlth
                                 B - amulet of reflection
HPRegen 0.32/turn                r - ring of willpower
MPRegen 0.14/turn                f - ring of resist corrosion

@: no status effects
A: sickness immunity, AC +8, negative energy resistance 1, electricity
resistance, torment resistance 1, petrification resistance
a: Renounce Religion, Heroism, Finesse


You were in a volcano.
You worshipped Okawaru.
Okawaru was greatly pleased with you.
You visited 3 branches of the dungeon, and saw 13 of its levels.
You also visited: Volcano.

You collected 997 gold pieces.

Inventory:

Hand Weapons
 a - a +1 war axe of freezing
 C - the +6 war axe "Cinurgh" (weapon) {flame, Int+2}
   (You found it on level 9 of the Dungeon)

   Int:       It affects your intelligence (+2).
 E - the +10 flail of Haofiboif {drain, *Rage rElec Dex+3}
   (You found it on level 2 of the Lair of Beasts)

   Dex:       It affects your dexterity (+3).
   rElec:     It insulates you from electricity.
   *Rage:     It berserks you when you make melee attacks (+20% chance).
 G - a +2 shortbow of flaming
Armour
 b - a +1 pair of gloves (worn)
 c - a +0 buckler (worn)
 t - a +0 cloak (worn)
 F - a +0 plate armour (worn)
Jewellery
 f - a ring of resist corrosion (right hand)
 l - a ring of flight
 r - a ring of willpower (left hand)
 B - an amulet of reflection (around neck)
Wands
 e - a wand of charming (24)
 o - a wand of digging (5)
 q - a wand of flame (7)
 s - a wand of polymorph (4)
 v - a wand of iceblast (6)
Scrolls
 g - a scroll of silence
 u - a scroll of blinking
 x - 4 scrolls of teleportation
 y - 2 scrolls of magic mapping
 z - a scroll of enchant armour
Potions
 d - 2 potions of might
 h - a potion of resistance
 i - a potion of berserk rage
 j - 3 potions of brilliance
 k - 5 potions of heal wounds
 m - 2 potions of cancellation
 n - 2 potions of invisibility
 p - 4 potions of curing
 w - 5 potions of flight
 A - 2 potions of magic
 D - 5 potions of ambrosia


   Skills:
 + Level 9.7 Fighting
 + Level 10.2 Axes
 + Level 10.2 Armour
 + Level 10.0 Shields
 * Level 4.0 Invocations
 * Level 7.9 Evocations


You had 11 spell levels left.
You didn't know any spells.
Your spell library contained the following spells:

 Spells                   Type           Power      Damage    Failure   Level
 Apportation              Tloc           0%         N/A       100%        1
 Kiss of Death            Conj/Necr      0%         2d5       100%        1
 Shock                    Conj/Air       0%         1d3       100%        1
 Ensorcelled Hibernation  Hex/Ice        0%         N/A       100%        2
 Passwall                 Tmut/Erth      0%         N/A       100%        2
 Static Discharge         Conj/Air       0%         2-2/arc   100%        2
 Confusing Touch          Hex            0%         N/A       100%        3
 Portal Projectile        Hex/Tloc       0%         N/A       100%        3
 Spider Form              Tmut/Pois      0%         N/A       100%        3
 Stone Arrow              Conj/Erth      0%         3d7       100%        3
 Swiftness                Air            0%         N/A       100%        3
 Vhi's Electric Charge    Tloc/Air       0%         N/A       100%        3
 Airstrike                Air            0%         2d(0-16)  100%        4
 Anguish                  Hex/Necr       0%         N/A       100%        4
 Dispel Undead            Necr           0%         3d6       100%        4
 Leda's Liquefaction      Hex/Erth       0%         N/A       100%        4
 Petrify                  Tmut/Erth      0%         N/A       100%        4
 Alistair's Intoxication  Tmut/Pois      0%         N/A       100%        5
 Arcjolt                  Conj/Air       0%         1d10      100%        5
 Irradiate                Conj/Tmut      0%         3d11      100%        5
 Ozocubu's Refrigeration  Ice            0%         4d7       100%        7
 Lehudib's Crystal Spear  Conj/Erth      0%         10d2      100%        8
 Maxwell's Capacitive Co  Air            0%         ∞         100%        8
 Polar Vortex             Ice            0%         N/A       100%        9
 Sublimation of Blood     Necr           Unusable   N/A       N/A         2
 Call Canine Familiar     Summ           Unusable   N/A       N/A         3
 Animate Armour           Summ/Erth      Unusable   N/A       N/A         4
 Summon Lightning Spire   Summ/Air       Unusable   N/A       N/A         4
 Simulacrum               Ice/Necr       Unusable   N/A       N/A         6

Dungeon Overview and Level Annotations

Branches:
Dungeon (9/15)             Temple (1/1) D:6            Lair (3/5) D:9
Volcano (1/1)
  Swamp: Lair:2-3    Shoals: Lair:2-3     Snake: Lair:2-3    Spider: Lair:2-3
    Orc: D:9-12

Altars:
Ashenzari
Cheibriados
Elyvilon
Fedhas
Gozag
Hepliaklqana
Kikubaaqudgha
Makhleb
Nemelex Xobeh
Okawaru
Qazlal
Sif Muna
Trog
Uskayaw
Vehumet
Wu Jian
Xom
Yredelemnul
Zin
The Shining One

Shops:
D:6 (


Innate Abilities, Weirdness & Mutations

You are immune to sickness and miasma.
Your stone body is resilient. (AC +8)
You are immune to poison.
You resist negative energy. (rN+)
You are resistant to electric shocks. (rElec)
You are resistant to unholy torment.
You are immune to petrification.


Message History

The hell knight hits you with a +2 halberd of flaming!
The hell knight burns you.
Your Shields skill increases to level 10!
Your Invocations skill increases to level 4!
You slash the hell knight!
The hell knight is moderately wounded.
The hell knight hits you with a +2 halberd of flaming.
The hell knight burns you.
Unknown command.
You slash the hell knight!
The hell knight is moderately wounded.
The hell knight barely misses you. x2
You hit the hell knight but do no damage.
The hell knight is moderately wounded.
The hell knight closely misses you.
The hell knight hits you with a +2 halberd of flaming.
The hell knight burns you.
You slash the hell knight!
The hell knight is heavily wounded.
You block the hell knight's attack.
You barely miss the hell knight.
The hell knight is heavily wounded.
You block the hell knight's attack.
The hell knight hits you but does no damage.
Unknown command.
You slice the hell knight!!
The hell knight is severely wounded.
The hell knight hits you but does no damage.
You block the hell knight's attack.
Unknown command.
You hit the hell knight but do no damage.
The hell knight is severely wounded.
The hell knight hits you with a +2 halberd of flaming!
* * * LOW HITPOINT WARNING * * *
The hell knight burns you.
* * * LOW HITPOINT WARNING * * *
You slash the hell knight!
The hell knight is almost dead.
The hell knight hits you with a +2 halberd of flaming!!
You die...

.##...#...##
..§.§.....##
.≈§≈§≈≈....##
≈≈§§§§≈.....##
§≈≈≈§≈§§§....##
§≈≈§§≈≈≈§.....#
§§≈§§≈§§§≈....#
≈≈≈§≈§≈§§≈....####
≈≈≈§.≈§§.......)@#
.......§...#..#)p.#
..#..###..######.≈..#
###### #### ≈§≈.....
## ≈≈≈.$!$∩. .##
≈≈§≈≈.[$!§ ..#
≈≈≈§.§.[≈# ≈≈#
###≈§≈≈≈§≈≈ ≈##


You could see a hell knight (fast).

Vanquished Creatures
  A two-headed ogre (D:8)
  A centaur warrior (Volcano)
  3 elephants (Lair:1)
  2 black mambas (Lair:1)
  5 cane toads
  3 yaktaurs (Volcano)
  A rime drake (Lair:1)
  A komodo dragon (Lair:1)
  A queen bee (D:9)
  A troll (D:9)
  3 blink frogs (Lair:1)
  3 yaks (D:8)
  Eustachio (D:5)
  2 basilisks
  2 steam dragons
  6 water moccasins
  2 orc warriors
  6 black bears
  3 sky beasts
  2 ice beasts
  An ogre (D:5)
  2 centaurs
  A phantom (D:5)
  8 wolves
  A kobold brigand (D:9)
  7 bullfrogs
  2 scorpions
  5 wights
  20 killer bees
  A howler monkey (D:8)
  6 orc priests
  6 hounds
  A gnoll bouda (D:8)
  Crazy Yiuf (D:2)
  A sleepcap (D:6)
  Ijyb (D:3)
  6 iguanas
  8 orc wizards
  7 gnolls
  6 adders
  A shadow imp (D:6)
  A white imp (D:7)
  3 ufetubi
  2 worms
  3 dart slugs (D:1)
  14 orcs
  6 bats
  10 endoplasms
  3 giant cockroaches
  9 goblins
  6 hobgoblins
  4 jackals (D:1)
  2 quokkas
  14 ball pythons
  8 frilled lizards
  13 kobolds
  6 rats
245 creatures vanquished.

Vanquished Creatures (others)
  A centaur (Volcano)
  7 fungi
  6 plants
14 creatures vanquished.

Grand Total: 259 creatures vanquished

Notes
Turn   | Place    | Note
-------+----------+-------------------------------------------
     0 | D:1      | bande the Gargoyle Fighter began the quest for the Orb.
     0 | D:1      | Reached XP level 1. HP: 14/14 MP: 1/1
   279 | D:1      | Reached XP level 2. HP: 18/19 MP: 2/2
   503 | D:1      | Reached XP level 3. HP: 23/23 MP: 3/3
  1284 | D:2      | Reached XP level 4. HP: 28/28 MP: 4/4
  1415 | D:2      | Found a runed translucent door.
  1416 | D:2      | Noticed Crazy Yiuf
  2015 | D:2      | Killed Crazy Yiuf
  2016 | D:2      | Reached XP level 5. HP: 28/33 MP: 5/5
  2142 | D:3      | Found a faded altar of an unknown god.
  2148 | D:3      | Reached XP level 6. HP: 44/44 MP: 6/6
  2149 | D:3      | Reached XP level 7. HP: 50/50 MP: 7/7
  2193 | D:3      | Found a hide-covered altar of Uskayaw.
  2195 | D:3      | Found a hazy altar of Hepliaklqana.
  2430 | D:3      | Noticed Ijyb
  2444 | D:3      | Killed Ijyb
  2856 | D:3      | Found a stormy altar of Qazlal.
  2857 | D:3      | Found a glowing silver altar of Zin.
  3520 | D:4      | Found a glowing golden altar of the Shining One.
  3520 | D:4      | Found an ancient bone altar of Kikubaaqudgha.
  3818 | D:5      | Entered Level 5 of the Dungeon
  3897 | D:5      | Reached XP level 8. HP: 55/55 MP: 8/8
  4265 | D:5      | Noticed Eustachio
  4288 | D:5      | Killed Eustachio
  4696 | D:6      | Found a staircase to the Ecumenical Temple.
  4711 | Temple   | Entered the Ecumenical Temple
  5372 | D:6      | Reached XP level 9. HP: 56/60 MP: 9/9
  5642 | D:6      | Found Gejun's Hydra Hut.
  5646 | D:6      | Noticed a six-headed hydra
  5845 | D:7      | Identified the +4 scale mail of Ornamental Knowledge {Harm
                  | rElec Int+3 Dex-5}
  5946 | D:7      | Found a snail-covered altar of Cheibriados.
  6306 | D:7      | Found an ornate altar of the Wu Jian Council.
  6617 | D:8      | Noticed a two-headed ogre
  6627 | D:8      | Killed a two-headed ogre
  6628 | D:8      | Reached XP level 10. HP: 13/65 MP: 10/10
  8442 | D:9      | Identified the +6 war axe "Cinurgh" {flame, Int+2}
  8650 | D:9      | Found a staircase to the Lair.
  8764 | D:9      | Found an iron altar of Okawaru.
  8774 | D:9      | Became a worshipper of Warmaster Okawaru
  9088 | D:9      | Reached * piety under Okawaru
  9089 | D:9      | Reached skill level 1 in Invocations
  9415 | Lair:1   | Entered Level 1 of the Lair of Beasts
  9415 | Lair:1   | Noticed a cane toad
  9425 | D:9      | Reached XP level 11. HP: 60/71 MP: 11/11
  9649 | Lair:1   | Reached ** piety under Okawaru
 10181 | Lair:1   | Reached skill level 10 in Armour
 10185 | Lair:1   | Reached *** piety under Okawaru
 11059 | Lair:2   | Identified the +10 flail of Haofiboif {drain, *Rage rElec
                  | Dex+3}
 11192 | Lair:2   | Reached skill level 10 in Axes
 11661 | Lair:3   | Found a dark tunnel.
 11674 | Volcano  | Entered a volcano
 11739 | Volcano  | Reached **** piety under Okawaru
 11749 | Volcano  | Noticed a centaur warrior
 11753 | Volcano  | Killed a centaur warrior
 11754 | Volcano  | Reached XP level 12. HP: 65/77 MP: 14/14
 11822 | Volcano  | Noticed a hell knight
 11838 | Volcano  | Reached skill level 10 in Shields
 11845 | Volcano  | Slain by a hell knight

Illustrated notes

Levels and vault maps discovered:
D:1:      evilmike_arrival_hilbert_curve, layout_loops_ring
D:2:      layout_loops_corners, serial_aquarium, aquarium_bridge_square
          [aquarium_subvault_bridge, aquarium_subvault_window,
          aquarium_subvault_bridge, aquarium_subvault_bridge],
          aquarium_window_1, aquarium_window_1, aquarium_window_corridor_3,
          aquarium_window_1, aquarium_view_2c, minmay_tiny_reverse_x,
          uniq_crazy_yiuf_cottage
D:3:      layout_basic, nicolae_overflow_hidden_temple,
          shapermc_ecumenical_altar_acropolis, chequers_serial_rivers_micro_a,
          minmay_misc_feat_square, uniq_ijyb
D:4:      layout_cave_pools, gammafunk_temple_overflow_elements,
          roderic_lattice_a, minmay_close_crescents
D:5:      layout_basic, uniq_eustachio
D:6:      layout_loops_ring, minmay_temple_entry_glassed_door,
          nicolae_benzene_ring, grunt_ministairs_8, doesnt_shop_hydraphobe
D:7:      layout_rooms, lemuel_tele_altar, nicolae_wu_jian_immortal_techniques,
          kennysheep_dice
D:8:      layout_loops_cross, minivault_10
D:9:      layout_cave_pools, kennysheep_okawaru_gauntlet, dpeg_oklobed_lair,
          minivault_7
Temple:   chequers_temple_sunken
Lair:1:   layout_regular_city
Lair:2:   layout_small_grid
Lair:3:   layout_layer_cave, nicolae_shoals_entry_flooding, spider_nest_entry_a,
          nicolae_volcano_entry_lava_flow, roderic_carrion_pond, uniq_fannar
Volcano:  volcano_pools

Skill      XL: |  1  2  3  4  5  6  7  8  9 10 11 12 |
---------------+-------------------------------------+-----
Axes           | 2 3 6 7 8 9 10 | 10.2
Shields        | 4 7 8 9 10 | 10.0
Armour         | 4 7 8 9 10 | 10.2
Fighting       | 7 8 9 |  9.7
Evocations     | 4 6 7 |  7.9
Invocations    | 1 3 4 |  4.0

Action                     |  1- 3 |  4- 6 |  7- 9 | 10-12 || total
---------------------------+-------+-------+-------+-------++-------
  Melee: War axe           |   133 |    75 |   268 |   324 ||   800
    Use: Scroll            |       |     6 |    16 |     6 ||    28
         Potion            |       |     2 |     1 |     1 ||     4
 Armour: Scale mail        |    80 |    45 |    48 |       ||   173
         Chain mail        |       |       |   173 |   194 ||   367
         Plate armour      |       |       |       |   124 ||   124
  Dodge: Dodged            |    67 |    42 |   142 |   152 ||   403
  Block: Buckler           |    35 |    10 |    94 |   223 ||   362
         Reflection        |       |       |       |     5 ||     5

Table legend: (Time is in decaauts)
 A = Elapsed time spent in this place.
 B = Non-inter-level travel time spent in this place.
 C = Inter-level travel time spent in this place.
 D = Time resting spent in this place.
 E = Time spent auto-exploring this place.
 F = Levels seen in this place.
 G = Mean time per level.
                   A        B        C        D        E       F      G
               +--------+--------+--------+--------+--------+-----+--------+
         Total |  12068 |  11812 |    256 |   2260 |   6940 |  14 |  862.0 |
       Dungeon |   9619 |   9363 |    256 |   1617 |   5723 |   9 | 1068.8 |
        Temple |     78 |     78 |      0 |      0 |      0 |   1 |   78.0 |
          Lair |   2199 |   2199 |      0 |    610 |   1149 |   3 |  733.0 |
       Volcano |    171 |    171 |      0 |     33 |     68 |   1 |  171.0 |
               +--------+--------+--------+--------+--------+-----+--------+

Top non-repeatable levels by time:
     D:8: 2001 daAuts
  Lair:1: 1436 daAuts
     D:9: 1137 daAuts
     D:2: 1103 daAuts
     D:1: 1082 daAuts
     D:6: 1060 daAuts
     D:5: 907 daAuts
     D:3: 899 daAuts
     D:4: 861 daAuts
  Lair:2: 725 daAuts
     D:7: 566 daAuts
 Volcano: 171 daAuts
  Temple: 78 daAuts
  Lair:3: 36 daAuts
